 Dungeon Crawl Stone Soup version 0.28-a0-1339-ga5422284a4 (webtiles) character file.

Game seed: 12860712857063899316

57 kingj the Skirmisher (level 3, -4/49 HPs)
             Began as a Draconian Berserker on Dec 29, 2021.
             Was a Believer of Trog.
             Slain by a gnoll (9 damage)
             ... on level 2 of the Dungeon.
             The game lasted 00:02:48 (1452 turns).

kingj the Skirmisher (Draconian Berserker)          Turns: 1452, Time: 00:02:49

Health: -4/49      AC:  6    Str: 21    XL:     3   Next: 73%
Magic:  3/3        EV: 12    Int:  7    God:    Trog [**....]
Gold:   37         SH:  0    Dex: 10    Spells: 2/2 levels left

rFire   . . .      SeeInvis .   a - +0 hand axe
rCold   . . .      Faith    .   (no shield)
rNeg    . . .      Spirit   .   (armour unavailable)
rPois   .          Reflect  .   (helmet restricted)
rElec   .          Harm     .   h - +0 cloak
rCorr   .          Rampage  .   (no gloves)
Will    .....                   (no boots)
Stlth   ..........              (no amulet)
HPRegen 0.16/turn               (no ring)
MPRegen 0.08/turn               (no ring)

@: berserking (expiring), very quick
A: AC +5, unfitting armour, cold-blooded
a: Renounce Religion, Berserk, Trog's Hand


You were on level 2 of the Dungeon.
You worshipped Trog.
Trog was pleased with you.
You visited 1 branch of the dungeon, and saw 2 of its levels.

You collected 37 gold pieces.

Inventory:

Hand Weapons
 a - a +0 hand axe (weapon)
Armour
 h - a +0 cloak (worn)
Jewellery
 c - a ring of willpower
Scrolls
 d - 2 scrolls of amnesia {unknown}
 e - a scroll of identify {unknown}
 f - a scroll of blinking {unknown}
 g - a scroll of noise {unknown}
Potions
 b - 3 potions of curing {unknown}
 i - 2 potions of haste {unknown}


   Skills:
 + Level 3.8 Fighting
 + Level 3.7 Axes
 + Level 3.2 Dodging
 + Level 0.5 Stealth


You had 2 spell levels left.
You didn't know any spells.
Your spell library was empty.

Dungeon Overview and Level Annotations

Branches:
Dungeon (2/15)

Altars:


Innate Abilities, Weirdness & Mutations

Your plain brown scales are hard. (AC +5)
You cannot fit into any form of body armour.
You are cold-blooded and may be slowed by cold attacks.


Message History

The gnoll is severely wounded.
The gnoll barely misses you.
You slash the gnoll!
You kill the gnoll!
Trog accepts your kill.
You miss the frilled lizard.
The gnoll hits you from afar with a +0 halberd.
The frilled lizard bites you but does no damage.
You barely miss the frilled lizard. The gnoll closely misses you.
You closely miss the frilled lizard.
The frilled lizard bites you but does no damage.
The gnoll hits you from afar with a +0 halberd!
* * * LOW HITPOINT WARNING * * *
You barely miss the frilled lizard.
The frilled lizard bites you but does no damage.
You closely miss the frilled lizard.
The gnoll hits you from afar with a +0 halberd.
* * * LOW HITPOINT WARNING * * *
You miss the frilled lizard.
Your tail-slap misses the frilled lizard.
The frilled lizard misses you.
The gnoll hits you from afar with a +0 halberd!
* * * LOW HITPOINT WARNING * * *
You hit the frilled lizard.
You feel the power of Trog in you as your rage grows.
You kill the frilled lizard!
Trog accepts your kill. The gnoll barely misses you.
You closely miss the ball python. The ball python barely misses you. x2
You barely miss the ball python. You tail-slap the ball python.
You kill the ball python!
Trog accepts your kill. The gnoll closely misses you.
You closely miss the rat. The gnoll closely misses you.
The rat bites you but does no damage.
You slash the rat!
You kill the rat!
Trog accepts your kill.
The gnoll hits you from afar with a +0 halberd!
You die...

#........†.†.....
#................
#................
#................
#................
#....^...........
#.#.....#........
####.#######....###.
#g)@.# #..g#### #..
#. #


You could see 2 gnolls.

Vanquished Creatures
  2 gnolls (D:2)
  A worm (D:2)
  2 dart slugs
  5 endoplasms
  2 giant cockroaches
  5 goblins (D:1)
  A hobgoblin (D:1)
  4 ball pythons
  3 frilled lizards (D:2)
  3 kobolds (D:1)
  4 rats
32 creatures vanquished.

Notes
Turn   | Place    | Note
-------+----------+-------------------------------------------
     0 | D:1      | kingj the Draconian Berserker began the quest for the Orb.
     0 | D:1      | Reached XP level 1. HP: 19/19 MP: 1/1
   428 | D:1      | Reached XP level 2. HP: 23/26 MP: 2/2
   877 | D:1      | Found a faded altar of an unknown god.
  1376 | D:2      | Reached XP level 3. HP: 30/33 MP: 3/3
  1388 | D:2      | Reached ** piety under Trog
  1452 | D:2      | Slain by a gnoll

Illustrated notes

Levels and vault maps discovered:
D:1:      wheals_arrival_linesprint, layout_loops_corners,
          chequers_ecumenical_altar_simple_redux
D:2:      layout_rooms, minmay_tromino_v7

Skill      XL: |  1  2 |
---------------+-------+-----
Dodging        | 3 |  3.2
Fighting       | |  3.8
Axes           | |  3.7
Stealth        | |  0.5

Action                   || total
-------------------------++-------
Melee: Hand axe          ||   100
       Tailslap          ||     9
Invok: Berserk           ||     1
 Stab: Sleeping          ||     3
Armor: Skin              ||    24
Dodge: Dodged            ||    55

Table legend: (Time is in decaauts)
 A = Elapsed time spent in this place.
 B = Non-inter-level travel time spent in this place.
 C = Inter-level travel time spent in this place.
 D = Time resting spent in this place.
 E = Time spent auto-exploring this place.
 F = Levels seen in this place.
 G = Mean time per level.
                   A        B        C        D        E       F      G
               +--------+--------+--------+--------+--------+-----+--------+
         Total |   1463 |   1412 |     51 |      0 |   1172 |   2 |  731.5 |
       Dungeon |   1463 |   1412 |     51 |      0 |   1172 |   2 |  731.5 |
               +--------+--------+--------+--------+--------+-----+--------+

Top non-repeatable levels by time:
     D:1: 1332 daAuts
     D:2: 131 daAuts
